 Dungeon Crawl Stone Soup version 0.31-a0-986-g5e6e4ef867 (webtiles) character file.

Game seed: 5095225503778225683

3077 croobank the Trooper (level 9, -2/63 HPs)
             Began as an Octopode Monk on Nov 5, 2023.
             Was an Elder of Makhleb.
             Slain by an orc warrior
             ... wielding a +0 hand axe
              (8 damage)
             ... on level 7 of the Dungeon.
             The game lasted 01:01:46 (6786 turns).

croobank the Trooper (Octopode Monk)                Turns: 6786, Time: 01:01:47

Health: -2/63      AC:  2    Str: 10    XL:     9   Next: 89%
Magic:  15/15      EV: 16    Int: 16    God:    Makhleb [****..]
Gold:   269        SH:  0    Dex: 15    Spells: 15/17 levels left

rFire   . . .        a - +4 short sword
rCold   . . .        c - orb {light}
rNeg    . . .        e - +1 hat
rPois   +            (no amulet)
rElec   .            w - ring of poison resistance
rCorr   .            B - ring of wizardry
SInv    .            v - ring of fire
Will    .....        D - ring of ice
Stlth   +            (no ring)
HPRegen 0.30/turn    (no ring)
MPRegen 0.14/turn    (no ring)
                     (no ring)

%: wizardry (x1)
@: wereblooded (expiring), hasted, glowing, studying Necromancy, very quick
A: almost no armour, amphibious, 8 rings, camouflage 1, gelatinous body 1,
(nimble swimmer 1), tentacles
a: Renounce Religion, Minor Destruction, Lesser Servant of Makhleb, Major
Destruction


You were on level 7 of the Dungeon.
You worshipped Makhleb.
Makhleb was greatly pleased with you.
You visited 1 branch of the dungeon, and saw 7 of its levels.

You collected 469 gold pieces.
You spent 200 gold pieces at shops.

Inventory:

Hand Weapons
 a - a +4 short sword (weapon)
 b - a +4 orcbow of draining
 l - a +1 hand axe of freezing
 q - a +0 dagger of speed
 t - the +5 whip of the Grim God {venom, rF++ Will+++ Str-4 Dex-5}
   (You found it on level 4 of the Dungeon)

   Str-4:     It affects your strength (-4).
   Dex-5:     It affects your dexterity (-5).
   rF++:      It greatly protects you from fire.
   Will+++:   It greatly increases your willpower.
Missiles
 f - 9 curare-tipped darts (quivered)
 k - 11 poisoned darts
 z - 6 javelins
Armour
 c - an orb of light (worn)
 e - a +1 hat (worn)
 n - a +0 kite shield
Magical Staves
 r - a staff of earth
Jewellery
 v - a ring of fire (on tentacle)
 w - a ring of poison resistance (left tentacle)
 B - a ring of wizardry (right tentacle)
 D - a ring of ice (on tentacle)
Talismans
 C - a granite talisman
Wands
 j - a wand of mindburst (13)
 o - a wand of iceblast (11)
 p - a wand of paralysis (12)
 u - a wand of flame (20)
Scrolls
 d - 6 scrolls of teleportation
Potions
 g - a potion of attraction
 h - a potion of might
 i - a potion of haste
 m - a potion of berserk rage {unknown}
 s - 2 potions of enlightenment {unknown}
 x - a potion of invisibility {unknown}
 y - a potion of ambrosia
 A - a potion of curing {unknown}


   Skills:
 + Level 6.4 Fighting
 + Level 6.3 Short Blades
 + Level 6.3 Dodging
 + Level 4.6 Spellcasting
 * Level 3.0 Necromancy
 - Level 4.5 Transmutations
 + Level 5.6 Invocations


You had 15 spell levels left.
You knew the following spells:

 Your Spells              Type           Power      Damage    Failure   Level
a - Wereblood             Tmut           18%        N/A       1%          2

Your spell library contained the following spells:

 Spells                   Type           Power      Damage    Failure   Level
 Sting                    Tmut/Pois      44%        1d5       2%          1
 Sublimation of Blood     Necr           13%        N/A       2%          2
 Apportation              Tloc           6%         N/A       6%          1
 Jinxbite                 Hex            6%         N/A       10%         2
 Poisonous Vapours        Pois/Air       6%         N/A       10%         2
 Animate Dead             Necr           13%        N/A       17%         4
 Olgreb's Toxic Radiance  Pois           3%         N/A       52%         4
 Alistair's Intoxication  Tmut/Pois      7%         N/A       52%         5
 Haunt                    Necr/Summ      4%         N/A       100%        7
 Summon Hydra             Summ           1%         N/A       100%        7
 Infestation              Necr           6%         N/A       100%        8


Dungeon Overview and Level Annotations

Branches:
Dungeon (7/15)             Temple (0/1) D:5

Altars:
Ashenzari
Makhleb

Shops:
D:1 =   D:7 [

Annotations:
D:5 1 runed translucent door, Naiya55's ghost, novice FoFi


Innate Abilities, Weirdness & Mutations

You cannot wear most types of armour.
You are amphibious.
You can wear up to eight rings at the same time.
Your skin changes colour to match your surroundings (Stealth+).
Your rubbery body absorbs attacks. (AC +1, EV +1)
((You are camouflaged when in or above water. (Stealth+)))
You have tentacles for arms and can constrict up to eight enemies at once.


Message History

You can no longer summon a greater servant of Makhleb.
You constrict the orc warrior, but do no damage.
The orc warrior completely misses you.
You hit the orc warrior. You squeeze the orc warrior.
The orc warrior is heavily wounded.
You constrict the orc warrior, but do no damage.
The orc warrior misses you.
You release your grip on the orc warrior.
The orc warrior hits your neqoxec with a +0 hand axe!
Your neqoxec closely misses the orc warrior.
The orc warrior hits your neqoxec with a +0 hand axe.
Your neqoxec hits the orc warrior but does no damage.
The orc warrior hits your neqoxec with a +0 hand axe!
Your neqoxec barely misses the orc warrior.
The orc warrior hits your neqoxec with a +0 hand axe!
Your neqoxec dies!
Your neqoxec disappears in a puff of smoke!
The orc warrior throws a boomerang.
The boomerang completely misses you. The orc warrior completely misses you.
You hit the orc warrior. Your grab misses the orc warrior.
You squeeze the orc warrior.
The orc warrior is severely wounded.
You hit the orc warrior but do no damage.
You grab the orc warrior.
You tentacle-slap the orc warrior, but do no damage.
You squeeze the orc warrior.
The orc warrior is severely wounded.
You constrict the orc warrior, but do no damage.
The orc warrior hits you with a +0 hand axe!
* * * LOW HITPOINT WARNING * * *
You hit the orc warrior but do no damage.
The orc warrior is severely wounded.
You constrict the orc warrior, but do no damage.
The orc warrior hits you with a +0 hand axe!
* * * LOW HITPOINT WARNING * * *
You feel yourself speed up.
Your primal bloodlust is almost over.
You constrict the orc warrior, but do no damage.
The orc warrior hits you with a +0 hand axe!
You die...

#..#.....#
#...###(#
#####.###
##.#
#.....##
#.#
#...#..#
...
######.##
.## ##.#
#)##
#.####oo..#
#...@o#
##..###
#.### #..
...# ....
..... #...


You could see an orc warrior, an orc wizard (invisible) and an orc.

Vanquished Creatures
  A cyclops (D:6)
  Menkaure (D:4)
  An ice beast (D:7)
  2 sky beasts (D:7)
  3 black bears
  An ogre (D:6)
  A centaur (D:6)
  Blork the orc (D:4)
  3 phantoms
  A bullfrog (D:7)
  3 scorpions
  4 wights (D:7)
  3 killer bees (D:7)
  2 howler monkeys (D:4)
  A crimson imp (D:4)
  A jelly (D:6)
  6 hounds
  5 orc priests
  A gnoll bouda (D:6)
  An iguana (D:5)
  A sleepcap (D:6)
  Natasha (thrice) (D:4)
  5 orc wizards
  9 adders
  2 white imps
  An ufetubus (D:5)
  4 worms
  4 dart slugs
  18 orcs
  9 endoplasms
  5 giant cockroaches
  4 goblins
  8 hobgoblins
  2 jackals (D:2)
  9 kobolds
  4 quokkas
  3 ball pythons
  4 bats
  5 frilled lizards
  A rat (D:1)
143 creatures vanquished.

Vanquished Creatures (collateral kills)
  An adder (D:6)
  An ufetubus (D:5)
  3 orcs (D:6)
5 creatures vanquished.

Grand Total: 148 creatures vanquished

Notes
Turn   | Place    | Note
-------+----------+-------------------------------------------
     0 | D:1      | croobank the Octopode Monk began the quest for the Orb.
     0 | D:1      | Reached XP level 1. HP: 16/16 MP: 1/1
    96 | D:1      | Reached XP level 2. HP: 21/21 MP: 2/2
    98 | D:1      | Found Novykh Jais's Jewellery Shoppe.
   544 | D:2      | Found a faded altar of an unknown god.
   558 | D:2      | Prayed at the altar of an unknown god.
   558 | D:2      | Became a worshipper of Makhleb the Destroyer
   558 | D:2      | Reached * piety under Makhleb
   558 | D:2      | Reached ** piety under Makhleb
   633 | D:2      | Reached XP level 3. HP: 26/26 MP: 3/3
   799 | D:2      | Reached skill level 1 in Invocations
   809 | D:2      | Reached *** piety under Makhleb
   810 | D:2      | Reached XP level 4. HP: 21/32 MP: 4/4
   942 | D:2      | Learned a level 2 spell: Wereblood
  1027 | D:2      | Found a broken altar of Ashenzari.
  2094 | D:3      | Reached XP level 5. HP: 31/37 MP: 6/6
  2607 | D:4      | Identified a scroll of acquirement
  2607 | D:4      | Acquired a +0 hat
  2654 | D:4      | Noticed Blork the orc
  2667 | D:4      | Killed Blork the orc
  2668 | D:4      | Reached skill level 1 in Spellcasting
  2668 | D:4      | Reached skill level 1 in Transmutations
  2941 | D:4      | Reached XP level 6. HP: 43/43 MP: 6/8
  2991 | D:4      | Reached **** piety under Makhleb
  3014 | D:4      | Noticed Menkaure
  3029 | D:4      | Killed Menkaure
  3169 | D:4      | Reached XP level 7. HP: 21/49 MP: 8/10
  3396 | D:4      | Noticed Natasha
  3401 | D:4      | Killed Natasha
  3483 | D:4      | Identified the +5 whip of the Grim God {venom, rF++ Will+++
                  | Str-4 Dex-5}
  3521 | D:4      | Noticed Natasha
  3522 | D:4      | Killed Natasha
  3522 | D:4      | Noticed Natasha
  3529 | D:4      | Killed Natasha
  3854 | D:1      | Bought a ring of poison resistance for 200 gold pieces
  3955 | D:5      | Entered Level 5 of the Dungeon
  4239 | D:5      | Found a staircase to the Ecumenical Temple.
  4274 | D:5      | Reached XP level 8. HP: 29/54 MP: 9/11
  4478 | D:5      | Reached skill level 5 in Fighting
  4551 | D:5      | Reached skill level 5 in Dodging
  4670 | D:5      | Found a runed translucent door.
  4672 | D:5      | Noticed Naiya55's ghost (novice FoFi)
  4743 | D:5      | Reached skill level 5 in Short Blades
  5133 | D:6      | Noticed a cyclops
  5262 | D:6      | Killed a cyclops
  5263 | D:6      | Reached XP level 9. HP: 53/62 MP: 14/14
  5771 | D:6      | Reached skill level 5 in Invocations
  5877 | D:7      | Found Xutt's Antique Armour Shoppe.
  6486 | D:7      | Reached skill level 1 in Necromancy
  6571 | D:7      | Reached ***** piety under Makhleb
  6786 | D:7      | Slain by an orc warrior

Illustrated notes

Levels and vault maps discovered:
D:1:      dpeg_arrival_lava_altar, layout_rooms, serial_shops, shop
D:2:      layout_basic, basic_altar, basic_ecumenical_altar
D:3:      layout_basic, minmay_misc_feat_chi, bh_walls_and_bars
D:4:      layout_loops_corners, minmay_fire_ice_demons, uniq_menkaure,
          uniq_blork_the_orc, uniq_natasha
D:5:      layout_gridville, minmay_temple_entry_mist, ebering_ghost_inner_flame
D:6:      minmay_clustersquares, layout_rooms
D:7:      layout_layer_cave, nicolae_specific_store, minmay_shop_grid_forest

Skill      XL: |  1  2  3  4  5  6  7  8  9 |
---------------+----------------------------+-----
Invocations    | 1 2 3 4 5 |  5.6
Fighting       | 4 5 6 |  6.4
Dodging        | 4 5 6 |  6.3
Spellcasting   | 1 2 3 4 |  4.6
Transmutations | 1 2 4 |  4.5
Short Blades   | 4 5 6 |  6.3
Necromancy     | 3 |  3.0

Action                     |  1- 3 |  4- 6 |  7- 9 || total
---------------------------+-------+-------+-------++-------
  Melee: Short sword       |    63 |   125 |   224 ||   412
         Constrict         |    19 |    29 |    48 ||    96
         Tentacles         |    13 |    37 |    78 ||   128
         Punch             |       |     1 |     4 ||     5
  Throw: Dart              |       |     5 |    14 ||    19
   Cast: Wereblood         |       |       |     9 ||     9
 Invoke: Lesser Servant of |       |       |     3 ||     3
         Major Destruction |       |       |     1 ||     1
  Evoke: Wand              |       |     1 |     5 ||     6
    Use: Scroll            |     3 |     7 |     5 ||    15
         Potion            |       |     2 |     2 ||     4
   Stab: Sleeping          |       |     2 |       ||     2
         Paralysed         |       |       |     4 ||     4
         Distracted        |       |       |     1 ||     1
 Armour: Skin              |    27 |    47 |    90 ||   164
  Dodge: Dodged            |    34 |    40 |   124 ||   198

Table legend: (Time is in decaauts)
 A = Elapsed time spent in this place.
 B = Non-inter-level travel time spent in this place.
 C = Inter-level travel time spent in this place.
 D = Time resting spent in this place.
 E = Time spent auto-exploring this place.
 F = Levels seen in this place.
 G = Mean time per level.
                   A        B        C        D        E       F      G
               +--------+--------+--------+--------+--------+-----+--------+
         Total |   6690 |   6425 |    265 |    907 |   4170 |   7 |  955.7 |
       Dungeon |   6690 |   6425 |    265 |    907 |   4170 |   7 |  955.7 |
               +--------+--------+--------+--------+--------+-----+--------+

Top non-repeatable levels by time:
     D:4: 1511 daAuts
     D:3: 1034 daAuts
     D:5: 969 daAuts
     D:6: 914 daAuts
     D:7: 887 daAuts
     D:2: 820 daAuts
     D:1: 553 daAuts
